[Event "December 5 Late 2023"]
[Site "https://www.chess.com"]
[Date "2023.12.05"]
[Round "2"]
[White "Teumer, Joerg, Dr."]
[Black "Haraguchi, Diego Sashaki"]
[Result "1/2-1/2"]
[Board "176"]
[TimeControl "180+1"]
[WhiteFideId "4643526"]
[BlackFideId "22729925"]
[WhiteElo "2109"]
[BlackElo "2417"]
[WhiteTeam "GER"]
[BlackTeam "BRA"]
[WhiteClock "0:00:08"]
[BlackClock "0:00:09"]

1. d4 Nf6 2. Bg5 Ne4 3. Bf4 c5 4. f3 Nf6 5. dxc5 Nc6 6. e4 Qa5+ 7. Qd2 Qxc5 8. Be3 Qh5 9. Ne2 e5 10. Nbc3 Bb4 11. a3 Bxc3 12. Nxc3 O-O 13. O-O-O d6 14. g4 Qg6 15. h4 h5 16. gxh5 Qxh5 17. Be2 Be6 18. Rdg1 Ne7 19. f4 Bg4 20. f5 Bxe2 21. Nxe2 Nxe4 22. Qd3 Nxf5 23. Qxe4 Qxe2 24. Rh3 Nxe3 25. Rxe3 Qh5 26. Rg5 Qh6 27. Kb1 f5 28. Qd5+ Kh8 29. Reg3 f4 30. Rg1 Rf6 31. Rxg7 Qxg7 32. Rxg7 Kxg7 33. Qxb7+ Kh6 34. Qxa8 f3 35. Qh8+ Kg6 36. Qg8+ Kf5 37. Qg5+ Ke6 38. Qg1 f2 39. Qf1 e4 40. Kc1 d5 41. Kd1 Ke5 42. c3 d4 43. cxd4+ Kxd4 44. Ke2 e3 45. h5 Ke4 46. b4 Kf4 47. a4 Rd6 48. Qh3 Rd2+ 49. Kf1 Rd1+ 50. Ke2 Rg1 51. Qh4+ Kf5 52. Qh3+ Kg5 53. Qxe3+ Kxh5 54. Qxf2 Rg4 55. Qf3 Kg5 56. Kd3 Rxb4 57. Qd5+ Kh4 58. Qa5 Rg4 59. Ke2 Rg7 60. Kf3 Rf7+ 61. Kg2 Rg7+ 62. Kh2 Rf7 63. Qe5 Kg4 64. Qe4+ Kg5 65. Qe3+ Kg6 66. a5 Kg7 67. Qe4 Kf8 68. Kh3 Re7 69. Qd5 Ke8 70. Qc6+ Rd7 71. Kg4 Kd8 72. Kf5 Rc7 73. Qa8+ Kd7 74. Qd5+ Kc8 75. Qg8+ Kb7 76. Ke5 Rc5+ 77. Kd4 Rxa5 78. Qf7+ Kb6 79. Qe6+ Kb7 80. Qd7+ Kb6 81. Kc4 Rc5+ 82. Kb4 Rc7 83. Qd4+ Kb7 84. Qd5+ Kb8 85. Qd8+ Kb7 86. Qd5+ Kb8 87. Kb5 Rb7+ 88. Ka5 Rb6 89. Qd8+ Kb7 90. Qd7+ Kb8 91. Qe8+ Kb7 92. Qd8 Ra6+ 93. Kb4 Rb6+ 94. Kc4 Rc6+ 95. Kd5 Rb6 96. Qd7+ Kb8 97. Qe8+ Kb7 98. Qe7+ Kb8 99. Kc5 Ka8 100. Qd8+ Kb7 101. Qd7+ Kb8 102. Qd8+ Kb7 103. Qe8 Kc7 104. Qf7+ Kb8 105. Qf8+ Kb7 106. Qg7+ Kb8 107. Kc4 Rc6+ 108. Kb5 Rb6+ 109. Ka5 Ka8 110. Qf8+ Kb7 111. Qe7+ Kb8 112. Qd8+ Kb7 113. Qd7+ Kb8 114. Qd8+ 1/2-1/2

[Event "December 5 Late 2023"]
[Site "https://www.chess.com"]
[Date "2023.12.05"]
[Round "2"]
[White "Federzoni, Enzo"]
[Black "Jesusesmifuerza"]
[Result "0-1"]
[Board "177"]
[TimeControl "180+1"]
[WhiteFideId "2173301"]
[WhiteElo "2415"]
[BlackElo "2106"]
[WhiteTeam "BRA"]
[WhiteClock "0:01:52"]
[BlackClock "0:01:44"]

1. d4 d5 2. Nc3 Nf6 3. Bf4 e6 4. e3 Bd6 5. Nf3 O-O 6. Bd3 Nbd7 7. O-O Qe7 8. Bg3 a6 9. Ne5 c5 10. Nxd7 Bxd7 11. dxc5 Bxc5 12. Ne2 e5 13. c3 Rad8 14. Qb3 Bc6 15. Rfd1 d4 16. cxd4 exd4 17. exd4 Ba7 18. Re1 Bd5 19. Qc2 Rc8 20. Qd2 Ne4 21. Bxe4 Qxe4 22. Nc3 Qxg2# 0-1

[Event "December 5 Late 2023"]
[Site "https://www.chess.com"]
[Date "2023.12.05"]
[Round "2"]
[White "Mangialardo, Tiago Carvalho"]
[Black "Balla, Tamas-Kristof"]
[Result "0-1"]
[Board "178"]
[TimeControl "180+1"]
[WhiteFideId "2130718"]
[BlackFideId "1208497"]
[WhiteElo "2087"]
[BlackElo "2413"]
[WhiteTeam "BRA"]
[BlackTeam "ROU"]
[WhiteClock "0:00:00"]
[BlackClock "0:00:13"]

1. e4 c5 2. Nf3 Nc6 3. Bb5 Nf6 4. Bxc6 dxc6 5. e5 Nd5 6. h3 Bf5 7. d3 h6 8. O-O e6 9. Qe2 Be7 10. Na3 O-O 11. Nc4 b6 12. a4 a5 13. Bd2 Qc7 14. Nh2 Bh7 15. Kh1 Rad8 16. Ng4 Nb4 17. Nce3 Nxc2 18. Nxc2 Bxd3 19. Qd1 Bxf1 20. Qe1 Bd3 21. Nce3 f5 22. exf6 Bxf6 23. Nxf6+ Rxf6 24. Bc3 Rf7 25. Ng4 c4 26. Qe3 Re8 27. Re1 c5 28. Be5 Qe7 29. Qg3 Qg5 30. f4 Qg6 31. Qf3 Ref8 32. Qc6 h5 33. Nf2 Qg3 34. Kg1 Bf5 35. Qxb6 Bxh3 0-1

[Event "December 5 Late 2023"]
[Site "https://www.chess.com"]
[Date "2023.12.05"]
[Round "2"]
[White "Skaric, Djuro"]
[Black "Ghosh, Chanchal Kumer"]
[Result "1-0"]
[Board "179"]
[TimeControl "180+1"]
[WhiteFideId "934569"]
[BlackFideId "10201858"]
[WhiteElo "2413"]
[BlackElo "2085"]
[WhiteTeam "SRB"]
[BlackTeam "BAN"]
[WhiteClock "0:01:23"]
[BlackClock "0:00:00"]

1. g3 d5 2. Bg2 e6 3. d3 Nf6 4. Nf3 c5 5. O-O Nc6 6. Nc3 Bd6 7. e4 d4 8. Ne2 e5 9. h3 O-O 10. Ne1 Nh5 11. f4 exf4 12. gxf4 f5 13. e5 Bc7 14. c3 g6 15. Nf3 Kh8 16. b4 cxb4 17. cxd4 Be6 18. d5 Bxd5 19. Bb2 Be6 20. d4 Ne7 21. Qe1 Nd5 22. Ng5 Qd7 23. Qh4 Bd8 24. Ng3 Bxg5 25. Qxg5 Nxg3 26. Qxg3 Rac8 27. Rac1 a5 28. h4 a4 29. Qf3 b5 30. Rc5 Rfd8 31. Rfc1 Rxc5 32. dxc5 Qc7 33. c6 a3 34. Bd4 Ne7 35. Bc5 Bd5 36. Qf2 Bxg2 37. Qxg2 Nxc6 38. Bxb4 Qb6+ 39. Bc5 Qc7 40. Bxa3 Qa7+ 41. Qf2 Qxf2+ 42. Kxf2 1-0

[Event "December 5 Late 2023"]
[Site "https://www.chess.com"]
[Date "2023.12.05"]
[Round "2"]
[White "Oliveira, Tiago Batista"]
[Black "Blanco Diez, David"]
[Result "0-1"]
[Board "180"]
[TimeControl "180+1"]
[WhiteFideId "2108291"]
[BlackFideId "32032927"]
[WhiteElo "2085"]
[BlackElo "2412"]
[WhiteTeam "BRA"]
[BlackTeam "ESP"]
[WhiteClock "0:00:03"]
[BlackClock "0:00:12"]

1. d4 g6 2. c4 Bg7 3. Nf3 d6 4. Nc3 c5 5. d5 Bxc3+ 6. bxc3 e5 7. e4 Qe7 8. Bd3 Nd7 9. O-O Ngf6 10. Re1 h6 11. Rb1 g5 12. Bf1 Nf8 13. Qa4+ Qd7 14. Qc2 Ng6 15. g3 g4 16. Nd2 h5 17. Bg2 h4 18. Nf1 Qe7 19. Bg5 Rh5 20. Qd2 h3 21. Bh1 Nf8 22. f4 N8h7 23. Bxf6 Qxf6 24. fxe5 Rxe5 25. Ne3 Ng5 26. Rf1 Qe7 27. Nf5 Bxf5 28. exf5 f6 29. Rbe1 O-O-O 30. Rxe5 Qxe5 31. Qf4 Re8 32. Qxe5 Rxe5 33. Kf2 Ne4+ 34. Bxe4 Rxe4 35. Re1 Rxc4 36. Re6 Rxc3 37. Rxf6 Rc2+ 38. Ke3 Rxh2 39. Rxd6 Rg2 40. Kf4 c4 41. Rh6 c3 42. f6 c2 43. Kxg4 c1=Q 44. f7 Qxh6 0-1

[Event "December 5 Late 2023"]
[Site "https://www.chess.com"]
[Date "2023.12.05"]
[Round "2"]
[White "Lutz, Igor Oscar"]
[Black "Zimmermann, Ulrich"]
[Result "0-1"]
[Board "181"]
[TimeControl "180+1"]
[WhiteFideId "2110806"]
[BlackFideId "24654523"]
[WhiteElo "2077"]
[BlackElo "2412"]
[WhiteTeam "BRA"]
[BlackTeam "GER"]
[WhiteClock "0:00:00"]
[BlackClock "0:00:51"]

1. d4 Nf6 2. c4 e6 3. g3 c5 4. d5 exd5 5. cxd5 d6 6. Nc3 g6 7. Nf3 Bg7 8. Bg2 O-O 9. O-O Re8 10. Bf4 h6 11. Nd2 g5 12. Be3 Ng4 13. Nc4 b6 14. h3 Nxe3 15. Nxe3 Nd7 16. Nf5 Bf8 17. Ne4 Ne5 18. g4 Ng6 19. e3 Bxf5 20. gxf5 Nh4 21. Qg4 f6 22. Ng3 Re5 23. Rad1 Qe7 24. e4 Qe8 25. Nh5 Bg7 26. f4 Re7 27. fxg5 hxg5 28. Ng3 Re5 29. Rde1 b5 30. Qh5 Qxh5 31. Nxh5 a5 32. Kh2 a4 33. Re2 c4 34. Bf3 Rae8 35. Bh1 Kf7 36. Ng3 Rh8 37. Rff2 g4 38. Nf1 Bh6 39. Kg3 gxh3 40. Kxh3 Be3 41. Rf3 Nxf3+ 0-1

[Event "December 5 Late 2023"]
[Site "https://www.chess.com"]
[Date "2023.12.05"]
[Round "2"]
[White "Bochnicka, Vladimir"]
[Black "Feliz Dotel, Dewar Bienvenido"]
[Result "1-0"]
[Board "182"]
[TimeControl "180+1"]
[WhiteFideId "14943450"]
[BlackFideId "6402801"]
[WhiteElo "2411"]
[BlackElo "2076"]
[WhiteTeam "SVK"]
[BlackTeam "DOM"]
[WhiteClock "0:01:14"]
[BlackClock "0:00:00"]

1. e4 e5 2. Nf3 Nc6 3. Bc4 Nf6 4. d3 Be7 5. O-O O-O 6. Re1 d6 7. a4 Na5 8. Ba2 c5 9. c3 Nc6 10. Na3 h6 11. Bd2 Re8 12. b4 cxb4 13. cxb4 d5 14. b5 Nb4 15. Bb1 dxe4 16. dxe4 Nd3 17. Re3 Nf4 18. Nc4 Bc5 19. Re1 Bg4 20. Ncxe5 Rxe5 21. Bxf4 Qxd1 22. Rxd1 Nxe4 23. Bxe5 Nxf2 24. Bd4 Bxf3 25. Bxc5 Nxd1 26. gxf3 Nc3 27. Bd3 b6 28. Bf2 Rd8 29. Bf1 Nd5 30. Rd1 Rd7 31. Bc4 Nf6 32. Rxd7 Nxd7 33. Bd5 Kf8 34. a5 1-0

[Event "December 5 Late 2023"]
[Site "https://www.chess.com"]
[Date "2023.12.05"]
[Round "2"]
[White "Matthes, Aaron"]
[Black "Smirnov, Timofey"]
[Result "1-0"]
[Board "183"]
[TimeControl "180+1"]
[WhiteFideId "16227310"]
[BlackFideId "24176427"]
[WhiteElo "2409"]
[BlackElo "2055"]
[WhiteTeam "GER"]
[BlackTeam "RUS"]
[WhiteClock "0:01:30"]
[BlackClock "0:00:13"]

1. Nf3 d5 2. g3 Bf5 3. Bg2 e6 4. c4 c6 5. O-O Nf6 6. cxd5 exd5 7. d3 Be7 8. Nc3 O-O 9. Re1 h6 10. Bf4 a5 11. e4 dxe4 12. dxe4 Bh7 13. Qe2 Bb4 14. Rad1 Qb6 15. Qc4 Bxc3 16. bxc3 Nbd7 17. Bd6 Rfe8 18. e5 Nd5 19. Nd4 Qd8 20. e6 fxe6 21. Nxe6 Qf6 22. Bxd5 cxd5 23. Qxd5 Kh8 24. Qxb7 Rad8 25. Nxd8 Rxe1+ 26. Rxe1 Qxd8 27. Be7 Qe8 28. Qc6 Nf6 29. Qxe8+ Nxe8 30. Bd8 Nf6 31. Bxf6 gxf6 32. Re8+ Kg7 33. Ra8 Kg6 34. Rxa5 1-0

[Event "December 5 Late 2023"]
[Site "https://www.chess.com"]
[Date "2023.12.05"]
[Round "2"]
[White "Sailer, Mike"]
[Black "Zhou, Qiyu"]
[Result "0-1"]
[Board "184"]
[TimeControl "180+1"]
[WhiteFideId "2012901"]
[BlackFideId "505161"]
[WhiteElo "2040"]
[BlackElo "2406"]
[WhiteTeam "USA"]
[BlackTeam "CAN"]
[WhiteClock "0:00:00"]
[BlackClock "0:00:42"]

1. d4 Nf6 2. Bg5 Ne4 3. Bf4 d5 4. f3 Nd6 5. Nc3 e6 6. e4 Be7 7. Bd3 c6 8. Nge2 Bg5 9. O-O Bxf4 10. Nxf4 O-O 11. e5 Nf5 12. Bxf5 exf5 13. Nd3 b6 14. Re1 Be6 15. Ne2 Nd7 16. c3 c5 17. a3 Rc8 18. Qd2 Qe7 19. Ndf4 Rfd8 20. Rad1 c4 21. g3 Nf8 22. Ng2 b5 23. Qc2 a5 24. Nh4 g6 25. Qd2 Rb8 26. Ng2 b4 27. cxb4 axb4 28. axb4 Rxb4 29. Nc3 Rdb8 30. Re2 Qb7 31. Rb1 Nd7 32. Nf4 Nb6 33. h4 Na4 34. Nxa4 Rxa4 35. h5 Qd7 36. hxg6 fxg6 37. Kg2 Rab4 38. Qc2 Rb3 39. Nxe6 Qxe6 40. Ra1 R8b7 41. Ra2 Kg7 42. Qd2 Rd3 43. Qa5 f4 44. g4 h5 45. Qd8 hxg4 46. Ra8 gxf3+ 47. Kf2 g5 48. Qh8+ Kg6 49. Rg8+ Kf5 50. Rf8+ Kg4 0-1

[Event "December 5 Late 2023"]
[Site "https://www.chess.com"]
[Date "2023.12.05"]
[Round "2"]
[White "Hoffmann, Asa"]
[Black "Desideri, Ricardo Maruchi"]
[Result "1-0"]
[Board "185"]
[TimeControl "180+1"]
[WhiteFideId "2001470"]
[BlackFideId "2110440"]
[WhiteElo "2403"]
[BlackElo "2023"]
[WhiteTeam "USA"]
[BlackTeam "BRA"]
[WhiteClock "0:01:23"]
[BlackClock "0:00:00"]

1. d4 Nf6 2. Bg5 e6 3. Nd2 c5 4. e3 Be7 5. Bd3 O-O 6. c3 cxd4 7. exd4 b6 8. Ngf3 Ba6 9. Bxa6 Nxa6 10. Qe2 Nc7 11. O-O b5 12. Rfe1 d6 13. h3 a6 14. a4 Rb8 15. axb5 Rxb5 16. b4 Ncd5 17. Rec1 Nc7 18. Rxa6 Rxg5 19. Nxg5 Nxa6 20. Qxa6 Nd5 21. Ngf3 Qc7 22. Qa3 Rc8 23. c4 Nf4 24. Qe3 d5 25. c5 Rb8 26. Rb1 Rb5 27. Qe5 Qxe5 28. dxe5 Nd3 29. Rb3 Nxb4 30. Nd4 Rb8 31. c6 Rc8 32. Rc3 Na2 33. Rc2 Nb4 34. Rc1 Bg5 35. N4f3 Bxd2 36. Nxd2 1-0

[Event "December 5 Late 2023"]
[Site "https://www.chess.com"]
[Date "2023.12.05"]
[Round "2"]
[White "Panuganti, Kireet"]
[Black "Buchenau, Frank"]
[Result "0-1"]
[Board "186"]
[TimeControl "180+1"]
[WhiteFideId "30903297"]
[BlackFideId "4604350"]
[WhiteElo "2019"]
[BlackElo "2403"]
[WhiteTeam "USA"]
[BlackTeam "GER"]
[WhiteClock "0:00:00"]
[BlackClock "0:01:12"]

1. e4 e6 2. d4 d5 3. exd5 exd5 4. Bd3 Nc6 5. c3 Bd6 6. Qf3 Nf6 7. h3 Be6 8. Ne2 Qd7 9. Nf4 O-O-O 10. Na3 Bxa3 11. bxa3 Bf5 12. O-O Be4 13. Bxe4 dxe4 14. Qe2 Rhe8 15. Qb5 a6 16. Qb2 Na5 17. Rb1 Qc6 18. Qb4 Nc4 19. d5 Nxd5 20. Nxd5 Rxd5 21. Bf4 g5 22. Be3 Rb5 23. Qa4 Rxb1 0-1

[Event "December 5 Late 2023"]
[Site "https://www.chess.com"]
[Date "2023.12.05"]
[Round "2"]
[White "Marchesich, Giovanni"]
[Black "Bongo Akanga Ndjila, Barthelemy"]
[Result "1-0"]
[Board "187"]
[TimeControl "180+1"]
[WhiteFideId "2824790"]
[BlackFideId "10609431"]
[WhiteElo "2403"]
[BlackElo "2011"]
[WhiteTeam "ITA"]
[BlackTeam "GAB"]
[WhiteClock "0:01:45"]
[BlackClock "0:00:08"]

1. e4 e6 2. d3 d5 3. Nd2 Nf6 4. Ngf3 c5 5. g3 Nc6 6. Bg2 b5 7. O-O a5 8. Re1 dxe4 9. Ng5 Bb7 10. Ngxe4 a4 11. Nxf6+ Qxf6 12. Ne4 Qd8 13. Be3 Qb6 14. Bf4 Rd8 15. Qh5 g6 16. Nf6+ Ke7 17. Qh4 g5 18. Bxg5 Kd6 19. Ne4+ Kc7 20. Bxd8+ Nxd8 21. Qf4+ Kc8 22. Rad1 f5 23. Ng5 Bxg2 24. Kxg2 Bh6 25. Qe5 Qb7+ 26. Nf3 Rg8 27. Qxc5+ Kb8 28. Qd6+ Ka8 29. d4 Bf8 30. Qe5 Bb4 31. c3 Be7 32. d5 a3 33. bxa3 Bxa3 34. dxe6 Re8 35. Qd5 Nc6 36. Nd4 Rc8 37. Nxc6 Rxc6 38. e7 Bxe7 39. Rxe7 Qxe7 40. Qxc6+ Ka7 41. Rd7+ 1-0

[Event "December 5 Late 2023"]
[Site "https://www.chess.com"]
[Date "2023.12.05"]
[Round "2"]
[White "Mesquita, Eduardo Barbosa"]
[Black "Monteiro, Luis Felipe Furtado"]
[Result "1-0"]
[Board "188"]
[TimeControl "180+1"]
[WhiteFideId "22757163"]
[BlackFideId "22702806"]
[WhiteElo "2400"]
[BlackElo "2004"]
[WhiteTeam "BRA"]
[BlackTeam "BRA"]
[WhiteClock "0:01:26"]
[BlackClock "0:00:46"]

1. e4 c6 2. Nf3 d5 3. e5 c5 4. d4 Nc6 5. c3 Bg4 6. Be2 e6 7. Nbd2 Nge7 8. O-O cxd4 9. cxd4 Nf5 10. Re1 Be7 11. a3 Qb6 12. Kh1 O-O 13. h3 Bxf3 14. Nxf3 Rac8 15. g4 Nh4 16. b4 Nxf3 17. Bxf3 Qxd4 18. Be3 Qxd1 19. Raxd1 Nxe5 20. Be2 Nc6 21. f4 a6 22. f5 Bf6 23. g5 Bb2 24. Bc5 Rfe8 25. b5 axb5 26. Bxb5 Bc3 27. Rf1 Red8 28. Rd3 Be5 29. Re3 Bd4 30. Bxd4 Nxd4 31. Bd3 Rc3 32. fxe6 Rxd3 33. exf7+ Kf8 34. Rxd3 Ne6 35. Rg3 d4 36. g6 hxg6 37. Rxg6 Nc5 38. h4 d3 39. h5 Rd5 40. Rxg7 Rxh5+ 41. Kg2 Ne6 42. Rg8+ Ke7 43. Re8+ 1-0

[Event "December 5 Late 2023"]
[Site "https://www.chess.com"]
[Date "2023.12.05"]
[Round "2"]
[White "Winkels, Marcel"]
[Black "PresidentLoek"]
[Result "0-1"]
[Board "189"]
[TimeControl "180+1"]
[WhiteFideId "1003887"]
[WhiteElo "2003"]
[BlackElo "2398"]
[WhiteTeam "NED"]
[WhiteClock "0:00:40"]
[BlackClock "0:01:40"]

1. e4 g6 2. d4 Bg7 3. Nc3 d6 4. Be3 a6 5. a4 Nf6 6. f3 Nbd7 7. Bd3 c5 8. Nge2 O-O 9. O-O b6 10. d5 Qc7 11. Qd2 c4 12. Bxc4 Qxc4 13. Nd4 Qc7 14. Nc6 Nb8 15. Nd4 Bb7 16. g4 Nbd7 17. h4 h5 18. g5 Nh7 19. Kh1 Ne5 20. Qf2 Nc4 21. Bc1 Qc5 22. Nce2 Ne5 23. c3 b5 24. b4 Qb6 25. a5 Qa7 26. Be3 Nc4 27. Bc1 Rac8 28. Nc6 Qxf2 29. Nxe7+ Kh8 30. Rxf2 Rc7 31. Nc6 Bxc6 32. dxc6 Rxc6 33. Nd4 Bxd4 34. cxd4 Rfc8 35. f4 Kg7 36. f5 Nf8 37. f6+ Kg8 38. d5 R6c7 39. Bf4 Ne5 40. Bxe5 dxe5 41. Rd1 Nd7 42. Kg2 Rc4 43. Rb1 Rxe4 44. Rd2 Rxh4 45. Kg3 Rg4+ 46. Kf3 Rxg5 47. Ke4 Rf5 48. Rbb2 Rc3 49. Rbc2 Nxf6# 0-1

[Event "December 5 Late 2023"]
[Site "https://www.chess.com"]
[Date "2023.12.05"]
[Round "2"]
[White "Uryupin, Igor"]
[Black "Boggiano Pereira, Miguel A."]
[Result "1-0"]
[Board "190"]
[TimeControl "180+1"]
[WhiteFideId "4182529"]
[BlackFideId "3102750"]
[WhiteElo "2395"]
[BlackElo "1979"]
[WhiteTeam "RUS"]
[BlackTeam "PUR"]
[WhiteClock "0:02:44"]
[BlackClock "0:01:56"]

1. d4 Nf6 2. Nf3 d5 3. Bf4 c5 4. e3 Nc6 5. c3 Qb6 6. Qb3 c4 7. Qc2 Bf5 8. Qc1 h6 9. Nbd2 e6 10. Be2 Be7 11. O-O O-O 12. b4 cxb3 13. axb3 Rfc8 14. Qb2 Qa6 1-0

[Event "December 5 Late 2023"]
[Site "https://www.chess.com"]
[Date "2023.12.05"]
[Round "2"]
[White "Calcada, Lucas Galvan"]
[Black "Al-Saffar, Araz Basim Mohammed S"]
[Result "1/2-1/2"]
[Board "191"]
[TimeControl "180+1"]
[WhiteFideId "22746099"]
[BlackFideId "4801040"]
[WhiteElo "1976"]
[BlackElo "2394"]
[WhiteTeam "BRA"]
[BlackTeam "IRQ"]
[WhiteClock "0:02:26"]
[BlackClock "0:01:59"]

1. e4 c5 2. Nf3 g6 3. d4 cxd4 4. Nxd4 Nc6 5. Nb3 Nf6 6. Nc3 Bg7 7. Be2 O-O 8. O-O a5 9. a4 d5 10. exd5 Nb4 11. Bf3 Bf5 12. Nd4 Bc8 13. Ndb5 Bf5 14. Nd4 Bc8 15. Ndb5 Bf5 16. Nd4 1/2-1/2

[Event "December 5 Late 2023"]
[Site "https://www.chess.com"]
[Date "2023.12.05"]
[Round "2"]
[White "JERO-8914"]
[Black "Dmitriev, Sergey"]
[Result "1-0"]
[Board "192"]
[TimeControl "180+1"]
[BlackFideId "14101785"]
[WhiteElo "2392"]
[BlackElo "1962"]
[BlackTeam "UKR"]
[WhiteClock "0:01:26"]
[BlackClock "0:00:30"]

1. e4 e5 2. Nf3 Nc6 3. Bb5 a6 4. Ba4 Nf6 5. d3 Bc5 6. O-O b5 7. Bb3 O-O 8. c3 d6 9. h3 h6 10. a4 bxa4 11. Bxa4 Bd7 12. Re1 Ne7 13. Bb3 Be6 14. Nbd2 Ng6 15. Nf1 Nf4 16. Bxf4 exf4 17. d4 Bxb3 18. Qxb3 Bb6 19. N1h2 Re8 20. e5 dxe5 21. Nxe5 Qd5 22. Qxd5 Nxd5 23. Nhf3 f6 24. Nc6 Kf7 25. c4 Ne7 26. Nxe7 Rxe7 27. c5 Ba7 28. Rxe7+ Kxe7 29. Rxa6 Kd7 30. Nd2 c6 31. Nc4 Kc7 32. Nd6 h5 33. Kf1 g5 34. b4 g4 35. hxg4 hxg4 36. b5 cxb5 37. Nxb5+ Kb7 38. Rxa7+ Rxa7 39. Nxa7 Kxa7 40. d5 Kb7 41. d6 Kc6 42. Ke2 f5 43. Kd3 Kd7 44. Kd4 Kc6 45. Ke5 f3 46. gxf3 gxf3 47. Kxf5 Kd7 48. Kf6 1-0

[Event "December 5 Late 2023"]
[Site "https://www.chess.com"]
[Date "2023.12.05"]
[Round "2"]
[White "Thake, Conrad"]
[Black "Su, Dion"]
[Result "1-0"]
[Board "193"]
[TimeControl "180+1"]
[WhiteFideId "5602947"]
[BlackFideId "2029731"]
[WhiteElo "1929"]
[BlackElo "2391"]
[WhiteTeam "MLT"]
[BlackTeam "USA"]
[WhiteClock "0:00:07"]
[BlackClock "0:00:00"]

1. e4 e6 2. d4 d5 3. Nc3 Nf6 4. Bg5 Be7 5. e5 Nfd7 6. Bxe7 Qxe7 7. f4 O-O 8. Nf3 c5 9. Ne2 cxd4 10. Nexd4 Nc6 11. c3 f6 12. exf6 Nxf6 13. Bd3 Ne4 14. Qc1 Nxd4 15. cxd4 Qb4+ 16. Ke2 Bd7 17. a3 Qb6 18. Ne5 Be8 19. Bxe4 dxe4 20. Ke3 Rd8 21. Qc3 Bc6 22. g3 Bd5 23. Rac1 h6 24. b4 Qa6 25. Qb2 Rf5 26. Rc3 g5 27. Qf2 Rdf8 28. Rg1 Bc6 29. h4 Qb6 30. Rc5 a5 31. hxg5 axb4 32. Qh2 bxa3 33. Qxh6 Qb3+ 34. Kf2 Rxf4+ 35. gxf4 Rxf4+ 36. Kg2 e3+ 37. Kh2 Qb2+ 38. Kh3 Qf2 39. Qxe6+ Kg7 40. Qg6+ Kf8 41. Qh6+ 1-0

[Event "December 5 Late 2023"]
[Site "https://www.chess.com"]
[Date "2023.12.05"]
[Round "2"]
[White "Fernandez Bustamante, Leancy B."]
[Black "Cornelison, Paul"]
[Result "1-0"]
[Board "194"]
[TimeControl "180+1"]
[WhiteFideId "3523870"]
[BlackFideId "2004186"]
[WhiteElo "2389"]
[BlackElo "1903"]
[WhiteTeam "CUB"]
[BlackTeam "USA"]
[WhiteClock "0:01:27"]
[BlackClock "0:00:37"]

1. e4 e5 2. Nf3 Nf6 3. Nc3 Nc6 4. Bb5 Bc5 5. Nxe5 Nxe5 6. d4 Bd6 7. f4 Bb4 8. fxe5 Nxe4 9. O-O Bxc3 10. bxc3 O-O 11. Bd3 Nxc3 12. Qh5 g6 13. Qh6 f6 14. exf6 Rf7 15. Bxg6 hxg6 16. Qxg6+ 1-0

[Event "December 5 Late 2023"]
[Site "https://www.chess.com"]
[Date "2023.12.05"]
[Round "3"]
[White "Carlsen, Magnus"]
[Black "Shuvalova, Polina"]
[Result "1-0"]
[Board "1"]
[TimeControl "180+1"]
[WhiteFideId "1503014"]
[BlackFideId "24171760"]
[WhiteElo "3308"]
[BlackElo "2847"]
[WhiteTeam "NOR"]
[BlackTeam "RUS"]
[WhiteClock "0:02:14"]
[BlackClock "0:00:17"]

1. e4 c6 2. Ne2 d5 3. e5 Bf5 4. Ng3 Bg6 5. h4 h6 6. h5 Bh7 7. e6 fxe6 8. d4 Nf6 9. Bd3 Bxd3 10. Qxd3 Na6 11. Nd2 Qb6 12. Qg6+ Kd7 13. Nf3 Qb5 14. a4 Qb4+ 15. c3 Qb3 16. Ne5+ Kc7 17. O-O b6 18. Qf7 Rd8 19. a5 b5 20. Bf4 Kb7 21. Qxe6 Rd6 22. Qf7 Nc7 23. a6+ Kb6 24. Nf5 Qc2 25. Nxd6 exd6 26. Qxf6 dxe5 27. Qxe5 Nxa6 28. Rxa6+ Kxa6 29. Ra1+ 1-0

[Event "December 5 Late 2023"]
[Site "https://www.chess.com"]
[Date "2023.12.05"]
[Round "3"]
[White "Mekhitarian, Krikor Sevag"]
[Black "Nakamura, Hikaru"]
[Result "0-1"]
[Board "2"]
[TimeControl "180+1"]
[WhiteFideId "2107660"]
[BlackFideId "2016192"]
[WhiteElo "2847"]
[BlackElo "3239"]
[WhiteTeam "BRA"]
[BlackTeam "USA"]
[WhiteClock "0:00:00"]
[BlackClock "0:00:05"]

1. Nf3 g6 2. c4 Bg7 3. e4 e5 4. d4 d6 5. Nc3 Nc6 6. dxe5 dxe5 7. Qxd8+ Kxd8 8. Bg5+ f6 9. O-O-O+ Bd7 10. Be3 Kc8 11. c5 Be6 12. Bb5 Nd8 13. Kc2 Bh6 14. Bxh6 Nxh6 15. h3 c6 16. Ba4 Nhf7 17. Rd2 Re8 18. Rhd1 Re7 19. b4 Kc7 20. Bb3 Bxb3+ 21. Kxb3 b6 22. cxb6+ axb6 23. a4 Ne6 24. g3 Rc8 25. h4 Kb7 26. Rd7+ Rc7 27. Rxe7 Rxe7 28. Nb1 f5 29. Nc3 h5 30. Kc4 Kc7 31. Kb3 f4 32. b5 Nd6 33. bxc6 Nc5+ 34. Kb4 Kxc6 35. gxf4 exf4 36. e5 Nf5 37. Rg1 Rg7 38. Kc4 Nxa4 39. Nxa4 b5+ 40. Kb4 bxa4 41. Kxa4 Kd5 42. Re1 Rb7 43. e6 Re7 44. Re5+ Kd6 45. Re4 Rxe6 46. Rxf4 Kd5 47. Kb4 Re4+ 48. Rxe4 Kxe4 49. Nd2+ Kf4 50. Kc3 Nxh4 51. Kd3 Nf3 52. Nf1 h4 53. Ke2 Nd4+ 54. Kd3 Ne6 55. Ke2 h3 56. Ng3 Nd4+ 57. Kf1 Nf3 58. Ne2+ Ke4 59. Ng3+ Kd3 60. Nh1 g5 61. Ng3 Kd4 62. Nf5+ Ke5 63. Ng3 Kf4 64. Nh1 Nd2+ 65. Kg1 g4 66. Ng3 Kf3 67. Nf5 h2+ 68. Kxh2 Kxf2 69. Kh1 Nf1 70. Nh4 Ne3 71. Kh2 g3+ 72. Kh1 Nd5 73. Ng2 Nc3 74. Nf4 Ne4 75. Ng2 Ng5 76. Nf4 Ne6 77. Ng2 Kf3 78. Nh4+ Kg4 79. Ng2 Nd4 80. Ne3+ Kf3 81. Ng2 Kf2 82. Nh4 Nf3 83. Ng2 Ke2 84. Nf4+ Ke3 85. Ng2+ Kf2 86. Nf4 Nh4 87. Nh3+ Ke2 88. Kg1 Ke3 89. Ng5 Kf4 90. Nh3+ Kg4 91. Nf2+ Kf3 92. Nh3 g2 93. Ng5+ Kf4 94. Nh3+ Kg3 95. Ng5 Nf3+ 96. Nxf3 Kxf3 97. Kh2 Kf2 0-1

[Event "December 5 Late 2023"]
[Site "https://www.chess.com"]
[Date "2023.12.05"]
[Round "3"]
[White "Naroditsky, Daniel"]
[Black "Livaic, Leon"]
[Result "1-0"]
[Board "3"]
[TimeControl "180+1"]
[WhiteFideId "2026961"]
[BlackFideId "14531534"]
[WhiteElo "3172"]
[BlackElo "2841"]
[WhiteTeam "USA"]
[BlackTeam "CRO"]
[WhiteClock "0:00:33"]
[BlackClock "0:00:02"]

1. Nf3 Nf6 2. g3 b6 3. Bg2 Bb7 4. d3 c5 5. e4 d6 6. O-O g6 7. a4 a6 8. Nc3 Bg7 9. Re1 O-O 10. d4 cxd4 11. Nxd4 Nfd7 12. Be3 e6 13. Qd2 Ne5 14. Qe2 Qc7 15. Rad1 Nbc6 16. Nxc6 Bxc6 17. Bd4 Rfd8 18. f4 Nd7 19. Bxg7 Kxg7 20. Qc4 b5 21. axb5 axb5 22. Nxb5 Qb6+ 23. Qd4+ Qxd4+ 24. Nxd4 Bb7 25. Nb5 d5 26. exd5 exd5 27. Nd6 Bc6 28. Re7 Nf8 29. Nxf7 Re8 30. Rxe8 Bxe8 31. Nd6 Rb8 32. Nxe8+ Rxe8 33. Kf2 Rb8 34. b3 Rc8 35. Rd2 d4 36. Bd5 Nd7 37. Be6 1-0

[Event "December 5 Late 2023"]
[Site "https://www.chess.com"]
[Date "2023.12.05"]
[Round "3"]
[White "Rustemov, Alexander"]
[Black "Firouzja, Alireza"]
[Result "0-1"]
[Board "4"]
[TimeControl "180+1"]
[WhiteFideId "4119002"]
[BlackFideId "12573981"]
[WhiteElo "2834"]
[BlackElo "3153"]
[WhiteTeam "RUS"]
[BlackTeam "FRA"]
[WhiteClock "0:00:04"]
[BlackClock "0:00:37"]

1. d4 d5 2. c4 e6 3. Nc3 Nf6 4. cxd5 exd5 5. Bg5 c6 6. e3 Bd6 7. Qc2 O-O 8. Bd3 h6 9. Bh4 Re8 10. Nge2 Be6 11. h3 Nbd7 12. O-O Rc8 13. Rad1 Qc7 14. Bg3 Bxg3 15. Nxg3 Qd6 16. Nge2 Nb6 17. b3 Rc7 18. Qd2 Bc8 19. Ng3 Rce7 20. Rfe1 Na8 21. Na4 Nc7 22. Rc1 g6 23. Nc5 h5 24. Ne2 b6 25. Na4 Ne6 26. Rc2 Bd7 27. Nac3 Ng5 28. Nf4 c5 29. dxc5 bxc5 30. Bc4 d4 31. Nxg6 Re4 32. Nf4 R4e5 33. Qd3 Bf5 34. Nb5 Bxd3 35. Nxd6 Bxc2 36. Nxe8 Rxe8 37. Rc1 Bf5 38. exd4 cxd4 39. Bd3 Bxd3 40. Nxd3 Re2 41. Rc5 Nge4 42. Ra5 Rd2 43. Ne5 d3 44. Rxa7 Rd1+ 45. Kh2 d2 46. Nf3 Rh1+ 0-1